 Dungeon Crawl Stone Soup version 0.20-a0-317-gc038824 (webtiles) character file.

18 Junicave the Digger (level 2, 0/15 HPs)
             Began as a Gargoyle Earth Elementalist on Dec 21, 2016.
             Was an Initiate of Vehumet.
             Slain by an adder (3 damage)
             ... on level 2 of the Dungeon.
             The game lasted 00:02:35 (1007 turns).

Junicave the Digger (Gargoyle Earth Elementalist)   Turns: 1007, Time: 00:02:35

Health: 0/15       AC:  4    Str: 11    XL:     2   Next: 66%
Magic:  0/5        EV: 12    Int: 15    God:    Vehumet [......]
Gold:   74         SH:  0    Dex: 10    Spells: 4/5 levels left

rFire  . . .     SeeInvis .     f - +0 spear
rCold  . . .     Gourm    .     c - +0 robe
rNeg   + . .     Faith    .     (no shield)
rPois  ∞         Spirit   .     (no helmet)
rElec  +         Reflect  .     (no cloak)
rCorr  .         Harm     .     (no gloves)
MR     .....                    (no boots)
Stlth  ++........               (no amulet)
                                (no ring)
                                (no ring)

@: no status effects
A: negative energy resistance 1, electricity resistance, unbreathing,
petrification resistance, rot immunity, AC +2
a: Renounce Religion


You were on level 2 of the Dungeon.
You worshipped Vehumet.
Vehumet was noncommittal.
You were not hungry.

You visited 1 branch of the dungeon, and saw 2 of its levels.

You collected 74 gold pieces.

Inventory:

Hand Weapons
 f - a +0 spear (weapon)
 q - a +0 whip
Missiles
 b - 123 stones (quivered)
Armour
 c - a +0 robe (worn)
Scrolls
 a - 2 scrolls of recharging {unknown}
 h - a scroll of noise {unknown}
 j - a scroll of identify {unknown}
 o - a scroll of random uselessness {unknown}
 p - a scroll of enchant weapon {unknown}
Potions
 i - a potion of heal wounds {unknown}
 k - a potion of brilliance {unknown}
 m - a potion of might {unknown}
Books
 e - a book of Geomancy

   Spells                             Type                      Level
   a - Sandblast                      Earth                        1
   b - Passwall                       Transmutation/Earth          2
   c - Stone Arrow                    Conjuration/Earth            3
   d - Petrify                        Transmutation/Earth          4
   e - Lee's Rapid Deconstruction     Earth                        5
Comestibles
 d - 2 bread rations
 g - a slice of pizza
 l - a meat ration
 n - 4 chunks of flesh


   Skills:
 - Level 1.5 Dodging
 - Level 2.1 Stealth
 + Level 2.2 Spellcasting
   Level 0.7 Transmutations
 * Level 4.4 Earth Magic


You had 4 spell levels left.
You knew the following spells:

 Your Spells              Type           Power        Failure   Level  Hunger
a - Sandblast             Erth           ###...       3%          1    #......


Dungeon Overview and Level Annotations

Branches:
Dungeon (2/15)

Altars:
Cheibriados
Vehumet
Xom


Innate Abilities, Weirdness & Mutations

You are resistant to torment.
Your stone body is resilient. (AC +2)
You are immune to poison.
You resist negative energy. (rN+)
You are resistant to electric shocks. (rElec)
You can survive without breathing.
You are immune to petrification.
You are immune to rotting.


Message History

The blast of sand hits the adder.
The adder is almost dead.
The adder bites you.
* * * LOW HITPOINT WARNING * * *
The adder bites you but does no damage.
Casting: Sandblast
Confirm with . or Enter, or press ? or * to list all spells.
Aiming: Sandblast
Press: ? - help, Shift-Dir - straight line, f/p - adder
Aim: an adder (almost dead)
The blast of sand hits the adder.
The adder is almost dead.
The adder barely misses you.
You hit the adder.
The adder is almost dead.
The adder barely misses you.
You miss the adder.
The adder is almost dead.
The adder bites you.
You die...

### ..# #.# #.#######
#......>. ###S......# ..
#..@# .## #######.### #
..###
........#########.###.#.#
.#####.................[##
#.######<....###.[...
#.....##.##.#####.... . ##
#....# # #..._.. ..#
#####.###.###..))..
#...###.........##.......


You could see an adder.

Vanquished Creatures
  A giant cockroach (D:1)
  3 goblins (D:2)
  5 hobgoblins (D:1)
  A bat (D:1)
  A frilled lizard (D:2)
  3 kobolds
  4 rats
18 creatures vanquished.

Notes
Turn   | Place    | Note
-------+----------+-------------------------------------------
     0 | D:1      | Junicave the Gargoyle Earth Elementalist began the quest for the Orb.
     0 | D:1      | Reached XP level 1. HP: 10/10 MP: 3/3
    38 | D:1      | Reached skill level 4 in Earth Magic
    77 | D:1      | Reached XP level 2. HP: 10/15 MP: 5/5
   881 | D:2      | Found a shimmering altar of Xom.
   881 | D:2      | Found a radiant altar of Vehumet.
   882 | D:2      | Found a snail-covered altar of Cheibriados.
   889 | D:2      | Became a worshipper of Vehumet
  1007 | D:2      | Slain by an adder

Vault maps used:
D:1:      elethiomel_arrival_shortcut
D:2:      yredelemnul_forgotten_temple_becter, grunt_temple_overflow_open,
          first_bread, minmay_guardbox, uniq_sigmund, uniq_iyjb

Skill      XL: |  1 |
---------------+----+-----
Earth Magic    | 4 |  4.4
Dodging        | |  1.5
Stealth        | |  2.1
Spellcasting   | |  2.2
Transmutations | |  0.7

Action                   || total
-------------------------++-------
Melee: Spear             ||    46
 Cast: Sandblast         ||    12
 Stab: Sleeping          ||     2
Armor: Robe              ||    13
Dodge: Dodged            ||    24
